 Dungeon Crawl Stone Soup version 0.31-a0-1172-g9944ec47dd (webtiles) character file.

Game seed: 12785181679882615024

192 DApurpleWHUMPUS the Changeling (level 5, -6/42 HPs)
             Began as a Merfolk Shapeshifter on Dec 10, 2023.
             Mangled by Crazy Yiuf
             ... wielding a +2 quarterstaff of chaos
              (14 damage)
             ... on level 4 of the Dungeon.
             The game lasted 00:05:10 (3193 turns).

DApurpleWHUMPUS the Changeling (MfSh)               Turns: 3193, Time: 00:05:11

Health: -6/42      AC:  2    Str: 15    XL:     5   Next: 71%
Magic:  5/5        EV: 13    Int: 11    God:
Gold:   134        SH:  0    Dex: 13    Spells: 4/4 levels left

rFire   + .          .
                       - Unarmed
rCold   + . .        (no shield)
rNeg    . . .        a - +0 animal skin
rPois   +            (helmet currently unavailable)
rElec   +            (cloak currently unavailable)
rCorr   +            (gloves currently unavailable)
SInv    +            (boots currently unavailable)
Will    .....        (no amulet)
Stlth   +            l - ring of see invisible
HPRegen 0.27/turn    (no ring)
MPRegen 0.09/turn

%: no passive effects
@: beast-form, resistant
A: beast (slay +2), (nimble swimmer 2), mertail
a: Begin Untransformation


You were on level 4 of the Dungeon.
You were a hulking beast.
You visited 1 branch of the dungeon, and saw 4 of its levels.

You collected 134 gold pieces.

Inventory:

Missiles
 i - a throwing net
Armour
 a - a +0 animal skin (worn)
Jewellery
 l - a ring of see invisible (left hand)
Talismans
 c - a beast talisman (active)
 d - a flux talisman
Scrolls
 f - 3 scrolls of teleportation {unknown}
 h - a scroll of fog {unknown}
 j - a scroll of poison {unknown}
 m - a scroll of revelation {unknown}
 p - a scroll of identify {unknown}
Potions
 b - a potion of lignification
 e - a potion of berserk rage {unknown}
 g - a potion of enlightenment {unknown}
 k - a potion of attraction {unknown}
 n - a potion of might {unknown}
 o - a potion of brilliance {unknown}


   Skills:
 * Level 4.0 Fighting
 + Level 4.0 Dodging
 + Level 4.1 Unarmed Combat
 + Level 4.9 Shapeshifting


You had 4 spell levels left.
You didn't know any spells.
Your spell library contained the following spells:

 Spells                   Type           Power      Damage    Failure   Level
 Apportation              Tloc           0%         N/A       34%         1
 Cigotuvi's Dreadful Rot  Necr/Pois/Air  0%         N/A       47%         2
 Ensorcelled Hibernation  Hex/Ice        0%         N/A       47%         2
 Jinxbite                 Hex            0%         N/A       47%         2
 Hailstorm                Conj/Ice       0%         3d5       71%         3
 Ignite Poison            Fire/Tmut/Pois 0%         N/A       71%         3
 Anguish                  Hex/Necr       0%         N/A       98%         4
 Summon Ice Beast         Ice/Summ       0%         N/A       98%         4
 Alistair's Intoxication  Tmut/Pois      0%         N/A       100%        5
 Freezing Cloud           Conj/Ice/Air   0%         6-21      100%        5
 Simulacrum               Ice/Necr       0%         N/A       100%        6


Dungeon Overview and Level Annotations

Branches:
Dungeon (4/15)
 Temple: D:4-7

Altars:
Uskayaw
Vehumet

Shops:
D:1 !!=

Annotations:
D:4 Crazy Yiuf


Innate Abilities, Weirdness & Mutations

You are a hulking beast.
Your limbs bulge with bestial killing power. (Slay +2)
((You are very nimble when in or above water. (Stealth+, EV+, Speed+++)))
Your lower body shifts to a powerful aquatic tail in water.


Message History

No target in view!
No target in view!
No target in view!
Found a hammer.
You see here a +0 hammer.
You see here a +0 hammer.
Found three hammers.
Crazy Yiuf grits, "Fire!"
You see here a +0 hammer.
You open the door. You hit Crazy Yiuf.
Crazy Yiuf is lightly wounded.
You barely miss Crazy Yiuf.
Crazy Yiuf is lightly wounded.
Crazy Yiuf cries, "You leg down broken song, no?"
Crazy Yiuf closely misses you.
You hit Crazy Yiuf.
Crazy Yiuf is moderately wounded.
Crazy Yiuf screams, "Whiteboard arga shoe!"
Crazy Yiuf hits you with a +2 quarterstaff of chaos!
You feel protected.
You hit Crazy Yiuf.
Crazy Yiuf is heavily wounded.
Crazy Yiuf hits you with a +2 quarterstaff of chaos!
Crazy Yiuf burns you.
You hit Crazy Yiuf.
Crazy Yiuf is heavily wounded.
Crazy Yiuf hits you with a +2 quarterstaff of chaos!
* * * LOW HITPOINT WARNING * * *
You feel protected.
You hit Crazy Yiuf.
Crazy Yiuf is almost dead.
Crazy Yiuf hits you with a +2 quarterstaff of chaos.
* * * LOW HITPOINT WARNING * * *
Crazy Yiuf draws strength from your wounds!
You barely miss Crazy Yiuf.
Crazy Yiuf is severely wounded.
Crazy Yiuf says, "Millenium!"
Crazy Yiuf hits you with a +2 quarterstaff of chaos!
You die...

##### #).)#
#)))# ###
))) ##<#
#g#
#.######.##
##h#
(........#
#)##
########.##
##)# #..#
#)## #.##
##)## #.#
#)P.## #.#
#..P.# #.#
#....#
#.#####..##


You could see Crazy Yiuf.

Vanquished Creatures
  Natasha (thrice) (D:2)
  An orc wizard (D:3)
  A worm (D:3)
  2 dart slugs
  2 orcs (D:3)
  4 bats (D:1)
  7 endoplasms
  3 giant cockroaches
  9 goblins
  3 hobgoblins
  10 jackals
  9 kobolds
  3 quokkas
  4 ball pythons
  6 frilled lizards
  7 rats
74 creatures vanquished.

Notes
Turn   | Place    | Note
-------+----------+-------------------------------------------
     0 | D:1      | DApurpleWHUMPUS the Merfolk Shapeshifter began the quest
                  | for the Orb.
     0 | D:1      | Reached XP level 1. HP: 15/15 MP: 1/1
    79 | D:1      | Found Sicaney's Distillery.
    87 | D:1      | Reached XP level 2. HP: 22/22 MP: 2/2
   280 | D:1      | Found Qiqocyuf's Jewellery Shoppe.
   300 | D:1      | Reached XP level 3. HP: 19/27 MP: 3/3
   402 | D:1      | Found Ofuc's Distillery.
   951 | D:2      | Noticed Natasha
   963 | D:2      | Killed Natasha
   964 | D:2      | Reached XP level 4. HP: 13/35 MP: 4/4
  1192 | D:2      | Noticed Natasha
  1214 | D:2      | Killed Natasha
  1552 | D:2      | Noticed Natasha
  1561 | D:2      | Killed Natasha
  1562 | D:2      | Reached XP level 5. HP: 17/41 MP: 5/5
  1888 | D:2      | Found a faded altar of an unknown god.
  2226 | D:3      | Found a hide-covered altar of Uskayaw.
  2518 | D:3      | Found a radiant altar of Vehumet.
  3182 | D:4      | Found a runed translucent door.
  3183 | D:4      | Noticed Crazy Yiuf
  3193 | D:4      | Mangled by Crazy Yiuf

Illustrated notes

Levels and vault maps discovered:
D:1:      shiori_arrival_oz, layout_loops_ring, serial_shops,
          nicolae_shop_getting_attention, nicolae_shop_gaudy_bauble,
          nicolae_shop_gibbet_a_chance, kennysheep_crisscross
D:2:      cheibrodos_helix_gallery, layout_basic, nicolae_ecumenical_oubliette,
          nicolae_eternal_life, uniq_natasha
D:3:      layout_basic, mainiacjoe_overflow_tiny_flanked, lemuel_doored_altar,
          corexii_leaking_fountain, fountainhead, roderic_lattice_a
D:4:      layout_loops_ring, makhleb_blood_cavern_becter, serial_glass,
          glass_columns_a, glass_columns_c, minivault_26,
          hangedman_decor_growths, nicolae_grassy_gnolls,
          uniq_crazy_yiuf_cottage

Skill      XL: |  1  2  3  4  5 |
---------------+----------------+-----
Fighting       | 2 3 4 |  4.0
Dodging        | 3 4 |  4.0
Unarmed Combat | 4 |  4.1
Shapeshifting  | |  4.9

Action                     |  1- 3 |  4- 6 || total
---------------------------+-------+-------++-------
  Melee: Unarmed           |   119 |   114 ||   233
         Punch             |     1 |     2 ||     3
   Stab: Sleeping          |     5 |     1 ||     6
 Armour: Animal skin       |    54 |    66 ||   120
  Dodge: Dodged            |    76 |    69 ||   145
   Form: Beast             |     1 |       ||     1
         Flux              |     1 |       ||     1

Table legend: (Time is in decaauts)
 A = Elapsed time spent in this place.
 B = Non-inter-level travel time spent in this place.
 C = Inter-level travel time spent in this place.
 D = Time resting spent in this place.
 E = Time spent auto-exploring this place.
 F = Levels seen in this place.
 G = Mean time per level.
                   A        B        C        D        E       F      G
               +--------+--------+--------+--------+--------+-----+--------+
         Total |   3171 |   3079 |     92 |    338 |   2248 |   4 |  792.8 |
       Dungeon |   3171 |   3079 |     92 |    338 |   2248 |   4 |  792.8 |
               +--------+--------+--------+--------+--------+-----+--------+

Top non-repeatable levels by time:
     D:2: 1257 daAuts
     D:3: 996 daAuts
     D:1: 884 daAuts
     D:4: 34 daAuts
